AoeStats
← 文風

MegaRandom

505953620Analyzed
1v1 RM · 20d ago on Sep 11, 2026· 43m 32s· 2 players
Game mode
Random Map
Map size
Tiny (2 player)
Population
200
Speed
Normal
Resources
Standard
Victory
Conquest
Starting age
Dark Age
Ending age
Imperial Age
RankedLock teamsTeams togetherTeam positionsShared explorationLock speedFull tech treeHidden civsTurbo modeCheats
Victory
Defeat
🇧🇪 Persians · Belgium
1447
+16
🇭🇰 Spanish · Hong Kong SAR China
1441
-16
文風
11:46 Feudal Age
16:03 Castle Age
14:18 Double-Bit Axe
14:53 Stone Mining
15:36 Gold Mining
17:00 Bow Saw
18:16 Horse Collar
23:50 Wheelbarrow
25:11 Heavy Plow
29:13 Gold Mining
29:47 Hand Cart
32:26 Imperial Age
31:07 Scale Mail Armor
31:18 Forging
30:58 Fletching
31:09 Padded Archer Armor
30:46 Pikeman
31:27 Squires
33:37 Block Printing
35:03 Illumination
34:49 Fervor
35:02 Sanctity
34:10 Halberdier
36:08 Redemption
39:18 Chain Mail Armor
39:38 Iron Casting
40:00 Town Watch
40:01 Loom
41:13 Plate Mail Armor
41:58 Chemistry
41:18 Ballistics
SenorBonas
8:30 Loom
10:24 Feudal Age
10:58 Double-Bit Axe
17:29 Castle Age
15:22 Horse Collar
15:29 Fishing Lines
18:09 Bow Saw
19:32 Heavy Plow
20:08 Town Watch
22:23 Wheelbarrow
25:15 Hand Cart
25:52 Gold Mining
29:05 Imperial Age
26:54 Scale Barding Armor
27:22 Fletching
27:43 Forging
27:56 Chain Barding Armor
27:48 Bloodlines
27:39 Husbandry
28:18 Medium Warships
28:21 Bodkin Arrow
29:52 Iron Casting
30:22 Chemistry
29:52 Heavy Warships
30:51 Two-Man Saw
29:13 Cavalier
30:30 Plate Barding Armor
30:15 Heavy Camel Rider
31:27 Town Patrol
33:23 Blast Furnace
32:53 Padded Archer Armor
34:15 Leather Archer Armor
34:21 Masonry
34:32 Devotion
36:00 Ring Archer Armor
35:07 Elite Skirmisher
35:29 Capped Ram
36:35 Savar
36:42 Elite Skirmisher
37:32 Murder Holes
38:59 Conscription
38:53 Citadels
38:45 Kamandaran
38:09 Crossbowman
38:55 Thumb Ring
40:01 Crop Rotation
40:15 Ballistics
40:26 Architecture
39:34 Siege Ram
40:30 Heavy Camel Rider
41:29 Heated Shot
41:33 Guard Tower
41:49 Siphons
41:54 Clinker Construction
41:55 Careening
Connection lost

Rejoining the realm…

Still unreachable

The connection could not be restored.

Session expired

The server has moved on; the page needs a fresh start.